 Dungeon Crawl Stone Soup version 0.29.0-11-gd7f09526c8 (webtiles) character file.

Game seed: 4948375439479674675

28 Anothat the Insei (level 3, 0/17 HPs)
             Began as a Vine Stalker Transmuter on Sept 4, 2022.
             Succumbed to a goblin's poison
             ... on level 2 of the Dungeon.
             The game lasted 00:02:07 (1233 turns).

Anothat the Insei (Vine Stalker Transmuter)         Turns: 1233, Time: 00:02:07

Health: 0/17       AC:  2    Str: 12    XL:     3   Next: 12%
Magic:  4/8        EV: 12    Int: 13    God:
Gold:   56         SH:  0    Dex: 16    Spells: 4/7 levels left

rFire   . . .      SeeInvis .     - Unarmed
rCold   . . .      Faith    .   (no shield)
rNeg    . . .      Spirit   +   a - +0 robe
rPois   .          Reflect  .   (helmet currently unavailable)
rElec   .          Harm     .   (no cloak)
rCorr   .          Rampage  .   (no gloves)
Will    .....                   (boots currently unavailable)
Stlth   +.........              (no amulet)
HPRegen 0.05/turn               (no ring)
MPRegen 0.11/turn               (no ring)

@: lethally poisoned (0 -> -4), appendages (expiring), wereblooded, flying
A: horns 2, talons 2, fangs 2, magic shield, antimagic bite, no potion heal 2
a: End Transformation


You were on level 2 of the Dungeon.
You had temporarily grown beastly horns and talons.
You visited 1 branch of the dungeon, and saw 2 of its levels.

You collected 56 gold pieces.

Inventory:

Armour
 a - a +0 robe (worn)
Scrolls
 e - a scroll of enchant weapon {unknown}
 f - a scroll of fear {unknown}
Potions
 b - a potion of lignification
 d - a potion of flight


   Skills:
 - Level 0.8 Fighting
 - Level 1.5 Dodging
 + Level 3.4 Unarmed Combat
 - Level 2.7 Spellcasting
 + Level 2.5 Transmutations


You had 4 spell levels left.
You knew the following spells:

 Your Spells              Type           Power      Damage    Failure   Level
a - Beastly Appendage     Tmut           16%        N/A       9%          1
b - Wereblood             Tmut           8%         N/A       12%         2

Your spell library contained the following spells:

 Spells                   Type           Power      Damage    Failure   Level
 Spider Form              Tmut/Pois      5%         N/A       38%         3
 Gell's Gravitas          Tloc           1%         N/A       56%         3
 Lesser Beckoning         Tloc           1%         N/A       56%         3
 Teleport Other           Tloc           1%         N/A       56%         3
 Ice Form                 Ice/Tmut       5%         N/A       80%         4


Dungeon Overview and Level Annotations

Branches:
Dungeon (2/15)

Altars:

Annotations:
D:2 Robin


Innate Abilities, Weirdness & Mutations

You have temporarily grown beastly horns and talons.
You have extremely sharp teeth.
When hurt, damage is shared between your health and your magic reserves.
Your bite disrupts and absorbs the magic of your enemies.
Potions cannot restore your health.


Message History

You kill the goblin!
The goblin barely misses you. Robin throws the goblin at you!
A goblin comes into view. It is wielding a +0 club.
The goblin shouts!
You miss the goblin. Your kick misses the goblin. You bite the goblin.
You drain its power.
You feel invigorated.
The goblin is heavily wounded.
You hear a shout!
The goblin hits you but does no damage.
The goblin hits you with a +2 dagger of venom.
The goblin hits you with a +0 club. x2
You barely miss the goblin. You punch the goblin.
You feel a bit better.
You kill the goblin!
The goblin closely misses you. The goblin hits you but does no damage.
You are lethally poisoned!
The goblin barely misses you.
A hobgoblin comes into view.
The hobgoblin attacks as you move away! The hobgoblin hits you.
The goblin attacks as you move away! The goblin hits you but does no damage.
You howl as the wereblood boils in your veins!
You feel very sick.
You hear a shout!
The goblin barely misses you.
You see here a +0 club.
The goblin attacks as you move away! The goblin hits you but does no damage.
* * * LOW HITPOINT WARNING * * *
You feel sick.
A goblin comes into view. It is wielding a +0 dagger.
It was a potion of flight.
You feel very buoyant.
You fly up into the air.
Your transformation is almost over.
* * * LOW HITPOINT WARNING * * *
You feel sick. The goblin closely misses you.
It was a potion of heal wounds.
That seemed strangely inert.
You howl as the wereblood boils in your veins!
* * * LOW HITPOINT WARNING * * *
You feel sick. The goblin barely misses you.
You barely miss the goblin. You bite the goblin, but do no damage.
You die...

.. #.# ## .
###. #.#
.##. ....
.......
#..##.#..#
.g#g#g#
.##.##ggg.#
......ggg.#
....###g###
. #@# #.#
#.. ####


You could see 4 hobgoblins and 6 goblins.

Vanquished Creatures
  6 endoplasms (D:1)
  A giant cockroach (D:1)
  2 goblins (D:2)
  A hobgoblin (D:1)
  2 quokkas (D:1)
  3 ball pythons (D:1)
  2 bats (D:1)
  3 kobolds (D:1)
  4 rats (D:1)
24 creatures vanquished.

Notes
Turn   | Place    | Note
-------+----------+-------------------------------------------
     0 | D:1      | Anothat the Vine Stalker Transmuter began the quest for the
                  | Orb.
     0 | D:1      | Reached XP level 1. HP: 9/9 MP: 4/4
   319 | D:1      | Reached XP level 2. HP: 13/14 MP: 4/6
  1051 | D:1      | Reached XP level 3. HP: 17/17 MP: 8/8
  1202 | D:1      | Learned a level 2 spell: Wereblood
  1221 | D:2      | Noticed Robin
  1233 | D:2      | Succumbed to a goblin's poison

Illustrated notes

Levels and vault maps discovered:
D:1:      dpeg_arrival_rooms_with_view, layout_basic, minmay_misc_feat_rows
D:2:      layout_loops_ring, serial_shops, shop, st_stairs_14, uniq_robin

Action                   || total
-------------------------++-------
Melee: Unarmed           ||    45
       Kick              ||    10
       Headbutt          ||     6
       Bite              ||     4
       Punch             ||     2
 Cast: Beastly Appendage ||    16
       Wereblood         ||     1
  Use: Potion            ||     2
 Stab: Sleeping          ||     1
Armor: Robe              ||    12
Dodge: Dodged            ||    34
